[Event "VII Totalizator Sportowy 2022"]
[Site "Bydgoszcz"]
[Date "2022.07.04"]
[Round "10.10"]
[White "Sernecki, Franciszek"]
[Black "Sieciechowicz, Marcin"]
[Result "0-1"]
[ECO "A73"]
[WhiteElo "2272"]
[BlackElo "2388"]
[Annotator "TA"]
[PlyCount "110"]
[EventDate "2022.06.25"]
[EventType "swiss"]
[EventCountry "POL"]
[SourceTitle "playchess.com"]
[Source "ChessBase"]
[SourceQuality "1"]
[TimeControl "40/5400+30:1800+30"]

1. d4 Nf6 2. c4 c5 3. d5 e6 4. Nc3 exd5 5. cxd5 d6 6. e4 g6 7. Nf3 Bg7 8. Be2 O-O 9. O-O {[%emt 0:00:14] 9.Be3 is more fashionable.} Bg4 10. Qb3 {[%emt 0:01:33] [#] A73: Modern Benoni: Classical: Unusual Black 9th moves.} Nbd7 $146 (10... Re8 $5 ) ({Predecessor:} 10... Re8 11. e5 dxe5 12. Qxb7 Nbd7 13. h3 Bxf3 14. Bxf3 e4 15. Be2 Ne5 16. Bg5 Nd3 17. Bxd3 {½-½ (17) Sernecki,F (2197)-Bartel,M (2262) Poronin 2021}) 11. Bf4 Re8 12. Bd3 (12. Qxb7 Nxe4 13. h3 Rb8 $19) (12. Qc2 $11 {remains equal.}) 12... Bxf3 $17 13. gxf3 Nh5 14. Bg3 Ne5 15. Be2 Qf6 {[%emt 0:00:29] Prevents f4.} 16. Nb5 Rad8 {[%emt 0:08:15] Strongly threatening ...a6.} 17. Nxa7 Nf4 $1 18. Bxf4 Qxf4 19. Qe3 Qh4 {[%emt 0:02:33] Hoping for ...Bh6.} 20. f4 Bh6 ({Much weaker is} 20... Ng4 $6 21. Qg3 Qxh2+ 22. Qxh2 $15) 21. Qg3 Qxf4 22. Qxf4 Bxf4 23. Nb5 Nd7 24. f3 Nf6 25. Bd3 Nh5 26. a4 Be5 27. Ra2 Nf4 28. Bc4 Re7 {[%emt 0:00:33] Black is more active.} 29. b3 f5 30. a5 fxe4 31. fxe4 Ra8 32. Kh1 {[%emt 0:01:31] [#]} (32. Rb1 $142) 32... Kg7 (32... g5 $142 $1 33. Rff2 h5) 33. Rb1 (33. Ra4 $142) 33... g5 34. Bf1 g4 35. b4 cxb4 36. Rxb4 Rf7 37. Rc4 {[%emt 0:01:35] [#]} (37. Nd4 $17 {keeps fighting.}) 37... Nh3 $1 $19 38. Rc7 Raf8 $40 {[%emt 0:02:26][%mdl 128] Black is out for blood.} 39. Rxf7+ Rxf7 40. Bxh3 (40. Bg2 {was forced.}) 40... gxh3 {[%emt 0:00:00][%cal Rf7f1][%mdl 4096] Endgame KRB-KRN} 41. Kg1 {[%emt 0:01:14] Against Rf1+} Rf3 42. a6 bxa6 43. Rxa6 Kf6 {[%emt 0:03:21] And now ...Kg5 would win.} 44. Ra2 Rb3 45. Nc7 (45. Na3) 45... Rb1+ 46. Kf2 Bxh2 {[%emt 0:00:50] ( -> ...Bg1+)} 47. Ne8+ Kf7 48. Ra3 Rb2+ (48... Kxe8 $142 49. Rxh3 Rb2+ 50. Ke1 Kf7 51. Rxh7+ Kg6 52. Re7 Kg5 53. Kd1 Bf4 54. Ra7 Kg4 55. Ra3 Be5 56. Kc1 Kf4 57. Rh3 Rf2 58. Rh7 Kxe4 59. Kd1 Rh2 60. Rf7 Kxd5 61. Kc1 Ke4 62. Rf1 Ra2 63. Rf7 Bf4+ 64. Kb1 Rf2 65. Rf8 d5 66. Rh8 d4 67. Rh5 d3 68. Ra5 Kd4 69. Ra6 Kc4 70. Rc6+ Kb5 71. Rc3 Rf1+ 72. Kb2 Be5 73. Kb3 Rb1+ 74. Ka2 d2 75. Rd3 Kc4 76. Kxb1 Kxd3 77. Ka2 Kc4 78. Kb1 d1=Q+ 79. Ka2 Qb3#) 49. Kf1 Kxe8 50. Rxh3 {[%emt 0:00:03] KRB-KR} Kf7 51. Rxh7+ Kg6 52. Re7 Be5 53. Re8 Kg5 54. Rf8 Kg4 55. Rf7 Rb4 {[%emt 0:00:10] Weighted Error Value: White=0.58/Black=0.22 (precise)} (55... Bf4 $142 56. Ke1 Kf3) 0-1

[Event "VII Totalizator Sportowy 2022"]
[Site "Bydgoszcz"]
[Date "2022.07.04"]
[Round "10.11"]
[White "Ulasevich, Sergei"]
[Black "Kowalski, Igor"]
[Result "1-0"]
[ECO "B13"]
[WhiteElo "2217"]
[BlackElo "2370"]
[Annotator "TA"]
[PlyCount "121"]
[EventDate "2022.06.25"]
[EventType "swiss"]
[EventCountry "POL"]
[SourceTitle "playchess.com"]
[Source "ChessBase"]
[SourceQuality "1"]
[TimeControl "40/5400+30:1800+30"]

1. e4 c6 2. d4 d5 3. exd5 cxd5 4. Bd3 Nc6 5. c3 Nf6 6. Bf4 Bg4 7. Qb3 Qd7 8. Nd2 e6 9. Ngf3 Bd6 10. Bxd6 Qxd6 11. O-O {[%emt 0:00:06] B13: Caro-Kann: Exchange Variation and Panov-Botvinnik Attack.} O-O 12. Rae1 Nd7 13. Re3 {[%emt 0:08:02] The position is equal.} Rab8 14. Rfe1 Bh5 {[%emt 0:10:32] [#]} 15. Qc2 $146 ({Predecessor:} 15. Ne5 Ndxe5 16. dxe5 Qc7 17. Bxh7+ Kxh7 18. Rh3 g6 19. g4 Nxe5 20. gxh5 g5 21. Nf3 Nxf3+ 22. Rxf3 {1-0 (33) Kreyssig,B (1881)-Jacobsen,M (2113) Berlin 2014}) 15... Bg6 16. Bxg6 hxg6 17. Ne5 (17. Ng5 {keeps more tension.} b5 18. Ndf3 Qf4 19. Qe2) 17... Ndxe5 18. dxe5 Qc7 19. Qa4 Ne7 (19... b5 $11 {deserves consideration.} 20. Qf4 b4) 20. Rh3 $14 (20. Qxa7 $2 Ra8 21. Qd4 Nf5 $19) 20... Nf5 {[%emt 0:01:36] Inhibits Qh4.} 21. g4 $36 {[%emt 0:00:11][%mdl 2048] Black is under pressure.} (21. Qxa7 $2 Ra8 22. Qxa8 Rxa8 $19) 21... Ne7 (21... Nh6 $14) 22. g5 $2 {[%emt 0:02:08] White is much more active.} (22. Qxa7 $16 {Hoping for Qe3.} Ra8 23. Qe3) 22... Nf5 $11 23. Qg4 Rfc8 24. Nb3 Qb6 {[%emt 0:14:27] And now ...Rc4 would win.} 25. Nd4 $1 Kf8 (25... Qxb2 $2 26. Nxf5 gxf5 27. Qh4 $18) (25... Nxd4 $1 $11 26. cxd4 Kf8) 26. Nxf5 $1 $16 (26. Rh8+ Ke7 27. Nxf5+ gxf5 28. Rxc8 fxg4 $17) 26... gxf5 27. Qh4 Ke7 {[%emt 0:09:54] Threatens to win with ...Rc4.} 28. g6+ $1 Kd7 29. gxf7 (29. Qh7 $16) 29... Rc4 $1 $11 30. Qh7 {[%emt 0:03:38] Black must now prevent Qg8. Really sharp!} (30. Qg3 $2 Rg4 31. Re2 Ke7 $19) 30... Rf8 31. Rg3 (31. b3 $5 Rf4 32. Ree3 $14) 31... Rxf7 (31... Qxb2 $11 32. Qxg7 Qa3) 32. Qg8 $14 Re7 {[%emt 0:00:12] aiming for ...Rc8.} 33. Rxg7 Rxg7+ 34. Qxg7+ {[%emt 0:00:04][%mdl 4096] Endgame KQR-KQR} Kc6 35. Qe7 Kb5 (35... Rg4+ $11 {remains equal.} 36. Kf1 Qb5+ 37. Re2 Qd3) 36. Qd7+ (36. Re3 $16) 36... Ka6 ({Black should play} 36... Qc6 $14 37. Qxc6+ bxc6) 37. Re3 (37. Qd6 Rg4+ 38. Kf1 Ka5 $16) 37... f4 (37... Rc6 $16 {might work better.}) 38. Rd3 $1 $18 Qxb2 39. Qxe6+ Rc6 $2 (39... b6 40. Qxd5 (40. Kg2 Qe2 $11) 40... Rc5) 40. Qxd5 Qe2 $2 (40... Rg6+ $2 41. Kf1 $18) (40... Rc7 41. Kg2 b6) 41. e6 $2 (41. c4 $1 $18 {[%csl Gc4][%cal Rd5b5] and the rest is easy.} Rg6+ 42. Rg3 $3 Rxg3+ 43. hxg3 (43. fxg3 Qe1+ 44. Kg2 Qe2+ 45. Kh3 Qh5+ 46. Kg2 Qe2+ 47. Kg1 Qe1+ 48. Kg2 Qe2+ $11)) 41... Qxe6 $2 (41... Rxe6 $2 42. Qc4+ b5 43. Rd6+ $3 Rxd6 44. Qxe2 $18) (41... Qg4+ $16 {keeps fighting.} 42. Kf1 Rxe6) 42. c4 ({Less strong is} 42. Qxe6 Rxe6 43. h4 Rg6+ 44. Kh2 Kb5 $18) 42... b6 43. Qxe6 Rxe6 {[%emt 0:00:01] KR-KR} 44. Kg2 Rg6+ 45. Kf3 Rh6 46. Kxf4 Rxh2 47. Ke3 (47. Kg3 $18 {and White stays clearly on top.} Rh1 48. f4) 47... Ka5 $16 {[%emt 0:01:18] [#]} 48. Ra3+ $2 (48. a3 $1 $18) 48... Kb4 $14 49. Rxa7 Kxc4 50. f3 b5 51. Ke4 Re2+ 52. Kf5 $1 b4 53. f4 {[%emt 0:00:32] Strongly threatening Ra5.} Kc3 $2 (53... Kb5 $16) 54. Kg6 $18 Rg2+ 55. Kh5 $2 (55. Kf6 $18 {f5 is the strong threat.} Kd4 56. Ra5) 55... Kd4 $1 $11 56. Ra5 Ke4 $2 (56... Rg1 $11) 57. f5 Rf2 58. Kg6 Rg2+ 59. Kf7 {[%emt 0:00:44] White threatens f6 and mate.} Rg5 60. Kf6 Rh5 61. Kg6 {[%emt 0:00:11] Weighted Error Value: White=0.40/Black=0.57} 1-0

[Event "VII Totalizator Sportowy 2022"]
[Site "Bydgoszcz"]
[Date "2022.07.04"]
[Round "10.12"]
[White "Rudzinska, Michalina"]
[Black "Laux, Dominik"]
[Result "1-0"]
[ECO "B11"]
[WhiteElo "2236"]
[BlackElo "2263"]
[Annotator "TA"]
[PlyCount "83"]
[EventDate "2022.06.25"]
[EventType "swiss"]
[EventCountry "POL"]
[SourceTitle "playchess.com"]
[Source "ChessBase"]
[SourceQuality "1"]
[TimeControl "40/5400+30:1800+30"]

1. e4 c6 2. Nf3 d5 3. Nc3 Bg4 4. h3 Bxf3 5. Qxf3 e6 6. Be2 Be7 {[%emt 0:04:00] B11: Caro-Kann: Two Knights Variation.} 7. O-O d4 8. Nb1 Nf6 {[%emt 0:00:19] White is slightly better.} 9. d3 {[%emt 0:00:59] [#]} O-O $146 ({Predecessor:} 9... Qc7 10. a4 Nbd7 11. c3 Nc5 12. Nd2 Rd8 13. Nc4 b5 14. Bf4 Qb7 15. axb5 cxb5 {1-0 (81) Saric,I (2644)-Suleymanli,A (2541) Riga 2021}) 10. Qg3 Kh8 11. Nd2 c5 12. f4 Qc7 13. Nf3 Nc6 14. Qf2 Nd7 15. c3 Rad8 16. Bd2 f5 ({Black should try} 16... dxc3 $15 17. bxc3 a6) 17. e5 $14 b5 (17... g5 $11) 18. cxd4 $16 {[%emt 0:02:55] Threatens to win with Rfc1.} cxd4 19. Rfc1 ({Don't blunder} 19. Nxd4 $2 Nxd4 20. Rac1 (20. Qxd4 $2 Bc5 $19) 20... Nxe2+ 21. Qxe2 Qb7 $19) 19... Qb6 20. Rc2 Ndb8 21. Rac1 a5 22. h4 Rc8 ({Black should play} 22... Bb4) 23. Ng5 Bxg5 24. hxg5 ({Much weaker is} 24. fxg5 $6 Ne7 $14) 24... Ne7 25. Rxc8 Rxc8 26. Rxc8+ Nxc8 27. Bf3 Ne7 28. Qe1 Nbc6 29. Qc1 {[%emt 0:00:37] Against Qc5} Kg8 30. Kf2 Nb4 31. Bxb4 axb4 {[%emt 0:00:02][%mdl 4096] Endgame KQB-KQN} 32. g4 {[%emt 0:04:22] White is more active.} fxg4 33. Bxg4 Kf7 34. Kg3 Nf5+ $2 (34... Qa5 $14) 35. Bxf5 $18 exf5 {[%emt 0:00:01] KQ-KQ} 36. Qc8 {[%emt 0:00:29] [#] Threatening mate with Qd7+.} Qe6 {[%emt 0:00:57] Prevents Qd7+.} 37. Qb7+ Kg6 38. Qxb5 Qxa2 (38... h6 $18 39. gxh6 gxh6 40. Qxb4 Qxa2) 39. Qe8+ Qf7 40. Qc6+ Kh5 41. Qf3+ Kg6 {[%emt 0:00:37] [#]} 42. Kh4 $1 {[%emt 0:00:06] Weighted Error Value: White=0.10 (very precise) /Black=0.61} 1-0

[Event "VII Totalizator Sportowy 2022"]
[Site "Bydgoszcz"]
[Date "2022.07.04"]
[Round "10.13"]
[White "Paprocki, Antoni"]
[Black "Dzhuguryan, Tygran"]
[Result "1/2-1/2"]
[ECO "B11"]
[WhiteElo "1851"]
[BlackElo "2203"]
[Annotator "RC"]
[PlyCount "100"]
[EventDate "2022.06.25"]
[EventType "swiss"]
[EventCountry "POL"]
[SourceTitle "playchess.com"]
[Source "ChessBase"]
[SourceQuality "1"]
[TimeControl "40/5400+30:1800+30"]

1. e4 c6 2. Nf3 d5 3. Nc3 Bg4 4. h3 Bxf3 5. Qxf3 e6 6. Be2 Nd7 7. d4 Qb6 8. Qe3 dxe4 9. Nxe4 Ngf6 10. O-O Nxe4 11. Qxe4 Nf6 12. Qd3 Rd8 13. Rd1 Be7 14. Bf4 O-O 15. c4 Rd7 16. b3 a5 17. a3 Rfd8 18. Be5 c5 19. dxc5 Qxc5 20. Qg3 Rxd1+ 21. Rxd1 Rxd1+ 22. Bxd1 Qxa3 23. Bxf6 Bxf6 24. Qb8+ Qf8 25. Qxb7 Be7 26. Qc7 Bb4 27. Bf3 g6 28. Be4 h5 29. g3 Qg7 30. Qd8+ Kh7 31. Qd1 Qe5 32. Qf3 Kg7 33. h4 Bc5 34. Kg2 Qd4 35. Bc6 e5 36. Be8 f5 37. Qb7+ Kh6 38. Qf3 Qd2 39. Bb5 Qd4 40. Be8 Qb2 41. Ba4 Qd4 42. Be8 Bb6 43. Bb5 Qc5 44. Ba4 e4 45. Qf4+ Kg7 46. Qd2 Kf6 47. Qg5+ Kf7 48. Qd2 Qd4 49. Qxd4 Bxd4 50. f4 Ke7 1/2-1/2

[Event "VII Totalizator Sportowy 2022"]
[Site "Bydgoszcz"]
[Date "2022.07.04"]
[Round "10.14"]
[White "Zebracki, Tomasz"]
[Black "Syrkiewicz, Michal"]
[Result "1/2-1/2"]
[ECO "E30"]
[WhiteElo "2200"]
[BlackElo "2000"]
[Annotator "RC"]
[PlyCount "55"]
[EventDate "2022.06.25"]
[EventType "swiss"]
[EventCountry "POL"]
[SourceTitle "playchess.com"]
[Source "ChessBase"]
[SourceQuality "1"]
[TimeControl "40/5400+30:1800+30"]

1. d4 Nf6 2. c4 e6 3. Nc3 Bb4 4. Bg5 Bxc3+ 5. bxc3 d5 6. cxd5 exd5 7. e3 O-O 8. Bd3 Nbd7 9. Nf3 Re8 10. O-O h6 11. Bh4 b6 12. Bb5 Re6 13. c4 Bb7 14. Rc1 Rc8 15. cxd5 Bxd5 16. Re1 c5 17. Ba6 Ra8 18. Bd3 g5 19. Bg3 Ne4 20. Nd2 Nxg3 21. hxg3 cxd4 22. exd4 Nf6 23. Qa4 Rc8 24. Bf5 Rxe1+ 25. Rxe1 Rc7 26. Nf3 Bc6 27. Qd1 Bd5 28. Qa4 1/2-1/2

[Event "VII Totalizator Sportowy 2022"]
[Site "Bydgoszcz"]
[Date "2022.07.04"]
[Round "10.15"]
[White "Kacprzak, Karol"]
[Black "Kacprzak, Kacper"]
[Result "1/2-1/2"]
[ECO "A57"]
[WhiteElo "2200"]
[BlackElo "2238"]
[Annotator "TA"]
[PlyCount "39"]
[EventDate "2022.06.25"]
[EventType "swiss"]
[EventCountry "POL"]
[SourceTitle "playchess.com"]
[Source "ChessBase"]
[SourceQuality "1"]
[TimeControl "40/5400+30:1800+30"]

1. d4 Nf6 2. c4 c5 3. d5 b5 4. cxb5 a6 5. b6 Qxb6 6. Nc3 g6 7. e4 d6 8. Nf3 Bg7 9. Be2 O-O 10. Nd2 Qc7 11. O-O Nbd7 12. Nc4 {[%emt 0:00:09] [#]} {Predecessor:} Nb6 $146 {A57: Benko/Volga Gambit.} 13. Nxb6 Qxb6 14. Qc2 Bg4 15. f3 Bd7 16. Be3 Rfc8 17. b3 Rab8 18. Rab1 Qa5 19. Na4 Bb5 20. Bd2 {0-1 (46) Danilov,V (2378)-Tukhaev,A (2534) Abu Dhabi 2021} 1/2-1/2

[Event "VII Totalizator Sportowy 2022"]
[Site "Bydgoszcz"]
[Date "2022.07.04"]
[Round "10.16"]
[White "Stolarczyk, Adam"]
[Black "Paprocki, Jaroslaw"]
[Result "0-1"]
[ECO "A40"]
[WhiteElo "2125"]
[BlackElo "2165"]
[Annotator "RC"]
[PlyCount "160"]
[EventDate "2022.06.25"]
[EventType "swiss"]
[EventCountry "POL"]
[SourceTitle "playchess.com"]
[Source "ChessBase"]
[SourceQuality "1"]
[TimeControl "40/5400+30:1800+30"]

1. d4 e6 2. Nf3 c5 3. e3 d5 4. c3 Nf6 5. Nbd2 Nbd7 6. Bd3 Bd6 7. O-O e5 8. e4 dxe4 9. Nxe4 Nxe4 10. Bxe4 exd4 11. cxd4 O-O 12. Be3 cxd4 13. Bxd4 Nf6 14. Bc2 Bg4 15. Qd3 g6 16. Rfd1 Nd5 17. Bg7 Kxg7 18. Qxd5 Bxf3 19. Qxf3 Bxh2+ 20. Kxh2 Qc7+ 21. Kg1 Qxc2 22. Qxb7 Rfb8 23. Qd5 Qxb2 24. Qd4+ Qxd4 25. Rxd4 a5 26. Ra4 Rb5 27. Re1 Rc8 28. Re2 Rc1+ 29. Kh2 h5 30. f4 h4 31. g3 hxg3+ 32. Kxg3 Rg1+ 33. Kf2 Rg4 34. Kf3 Rh4 35. Rg2 Rc5 36. Ra3 Rf5 37. Rg4 Rh3+ 38. Rg3 Rh1 39. Ra4 Rf1+ 40. Kg4 Rh5 41. Rf3 Rg1+ 42. Rg3 Rc1 43. Rga3 Rcc5 44. Kg3 Rhf5 45. Kg4 Kf6 46. Re3 Rb5 47. Rd4 Rb6 48. Ra4 Rb1 49. Rc4 Rg1+ 50. Rg3 Rf1 51. Rf3 Rxf3 52. Kxf3 g5 53. Rc6+ Ke7 54. Kg4 Rxf4+ 55. Kxg5 Rf2 56. a4 Ra2 57. Rc4 Ke6 58. Re4+ Kd5 59. Rf4 Kc6 60. Kf6 Rb2 61. Rf5 Kb6 62. Kg7 Rb4 63. Rf6+ Kc7 64. Kxf7 Rxa4 65. Kg6 Ra1 66. Kg5 Rg1+ 67. Kh4 a4 68. Kh3 Kb7 69. Rf4 a3 70. Ra4 Ra1 71. Kg2 Kb6 72. Ra8 Kb5 73. Kf3 Kb4 74. Rb8+ Kc3 75. Rc8+ Kb2 76. Rb8+ Ka2 77. Ke3 Rb1 78. Rh8 Rb4 79. Kd3 Kb3 80. Ra8 a2 0-1

[Event "VII Totalizator Sportowy 2022"]
[Site "Bydgoszcz"]
[Date "2022.07.04"]
[Round "10.18"]
[White "Lambrecht, Tomasz"]
[Black "Kujawski, Adam"]
[Result "1/2-1/2"]
[ECO "A06"]
[WhiteElo "1956"]
[BlackElo "2246"]
[Annotator "TA"]
[PlyCount "102"]
[EventDate "2022.06.25"]
[EventType "swiss"]
[EventCountry "POL"]
[SourceTitle "playchess.com"]
[Source "ChessBase"]
[SourceQuality "1"]
[TimeControl "40/5400+30:1800+30"]

1. Nf3 d5 2. d4 c6 3. c4 dxc4 4. g3 Nf6 5. Bg2 Nbd7 (5... b5 {feels hotter.} 6. Ne5 Bb7 7. a4 a6) 6. a4 {[%emt 0:03:15][%mdl 1024] White has compensation. D11: Slav Defence: 3 Nf3 sidelines and 3...Nf6 4 e3 Bg4.} a5 7. O-O g6 8. Nbd2 {[%emt 0:07:35] White is slightly better.} Nb6 9. Qc2 Bg7 {[%emt 0:02:03] The position is equal.} 10. Nxc4 Bf5 11. Qb3 Nxc4 12. Qxc4 Be4 13. Qb3 O-O 14. Rd1 {[%emt 0:01:56] [#]} Qd6 $146 ({Predecessor:} 14... Nd7 15. Nh4 Bxg2 16. Kxg2 Qb6 17. Qxb6 Nxb6 18. Bf4 Nd5 19. Nf3 Rfd8 20. Rac1 Nxf4+ 21. gxf4 {1-0 (46) Rausis,I (2557)-Pijpers,A (2348) Leiden 2014}) 15. e3 Qd5 16. Qxd5 Nxd5 17. Bd2 Rfd8 18. Rdc1 e6 19. Be1 Bf8 20. Ne5 Bxg2 21. Kxg2 f6 22. Nc4 Nb4 23. Bxb4 Bxb4 24. Rc2 h5 25. h3 Kf7 26. Kf3 Ke7 27. Ke2 Rac8 28. Rac1 Ra8 29. Rd1 Rab8 30. Nb6 Bd6 31. Nc4 Bc7 32. Nd2 e5 33. Nb3 exd4 34. Nxd4 Be5 35. Nf3 Rxd1 36. Kxd1 $11 {[%emt 0:00:02][%mdl 4096] Endgame KRB-KRN} Rd8+ 37. Kc1 Ke6 38. Rc5 Rd5 39. Rc4 f5 40. Kc2 Bf6 41. Ne1 Kd7 42. Nd3 g5 {[%emt 0:01:12] Prevents Nf4.} 43. Nc5+ Kc7 44. Nd3 Kd7 45. Nc5+ Kc7 46. Nd3 b6 47. b3 Kd7 48. e4 fxe4 49. Rxe4 c5 50. f4 Bd4 51. g4 hxg4 {[%emt 0:00:05] An even fight not without its subleties.  Weighted Error Value: White=0.05 (flawless) /Black=0.05 (flawless)} 1/2-1/2

[Event "VII Totalizator Sportowy 2022"]
[Site "Bydgoszcz"]
[Date "2022.07.04"]
[Round "10.19"]
[White "Sliwicki, Damian"]
[Black "Dubnevych, Maksym"]
[Result "1-0"]
[ECO "B24"]
[WhiteElo "2168"]
[BlackElo "2048"]
[Annotator "RC"]
[PlyCount "39"]
[EventDate "2022.06.25"]
[EventType "swiss"]
[EventCountry "POL"]
[SourceTitle "playchess.com"]
[Source "ChessBase"]
[SourceQuality "1"]
[TimeControl "40/5400+30:1800+30"]

1. e4 c5 2. Nc3 Nc6 3. Bb5 Nd4 4. Nf3 Nxb5 5. Nxb5 a6 6. Nc3 g6 7. d4 Bg7 8. dxc5 Qa5 9. O-O Bxc3 10. bxc3 Qxc3 11. Be3 Qg7 12. Qd2 h5 13. Rfe1 b5 14. Rad1 Nh6 15. Qd5 Rb8 16. Bf4 Rb7 17. c6 Ra7 18. Qc5 Ra8 19. cxd7+ Bxd7 20. Rxd7 1-0

[Event "VII Totalizator Sportowy 2022"]
[Site "Bydgoszcz"]
[Date "2022.07.04"]
[Round "10.20"]
[White "Rog, Bartlomiej"]
[Black "Kolodziejski, Piotr"]
[Result "1/2-1/2"]
[ECO "B53"]
[WhiteElo "2055"]
[BlackElo "2107"]
[Annotator "RC"]
[PlyCount "25"]
[EventDate "2022.06.25"]
[EventType "swiss"]
[EventCountry "POL"]
[SourceTitle "playchess.com"]
[Source "ChessBase"]
[SourceQuality "1"]
[TimeControl "40/5400+30:1800+30"]

1. e4 c5 2. Nf3 d6 3. d4 cxd4 4. Qxd4 Nc6 5. Bb5 Bd7 6. Qd3 Nf6 7. Bg5 e6 8. Nc3 a6 9. Bxc6 Bxc6 10. O-O-O Be7 11. Nd4 Qc7 12. Rhe1 O-O-O 13. Nxc6 1/2-1/2

[Event "VII Totalizator Sportowy 2022"]
[Site "Bydgoszcz"]
[Date "2022.07.04"]
[Round "10.21"]
[White "Malczyk, Radoslaw"]
[Black "Jarocka, Liwia"]
[Result "0-1"]
[ECO "A45"]
[WhiteElo "2067"]
[BlackElo "2006"]
[Annotator "NA RC"]
[PlyCount "68"]
[EventDate "2022.06.25"]
[EventType "swiss"]
[EventCountry "POL"]
[SourceTitle "playchess.com"]
[Source "ChessBase"]
[SourceQuality "1"]
[TimeControl "40/5400+30:1800+30"]

1. d4 Nf6 2. Bg5 e6 3. e4 h6 4. Bxf6 Qxf6 5. c3 d6 6. Bd3 g6 7. Ne2 Bg7 8. O-O Qe7 9. f4 e5 10. f5 gxf5 11. exf5 Nd7 12. Kh1 Nf6 13. dxe5 dxe5 14. Ng3 Bd7 15. Nh5 Nxh5 16. Qxh5 Bc6 17. Be2 Bf6 18. Nd2 O-O-O 19. Nb3 Rhg8 20. Bf3 e4 21. Be2 Rg5 22. Qh3 Rdg8 23. Na5 Bd7 24. Qe3 b6 25. Ba6+ Kb8 26. Nc4 Rxg2 27. Rg1 Rxg1+ 28. Rxg1 Re8 29. a4 Bxa4 30. Ra1 Bc6 31. Na5 bxa5 32. Rxa5 Bg5 33. Qd4 e3+ 34. Kg1 e2 0-1

[Event "VII Totalizator Sportowy 2022"]
[Site "Bydgoszcz"]
[Date "2022.07.04"]
[Round "10.22"]
[White "Hulka, Valentyn"]
[Black "Starosciak, Szymon"]
[Result "1/2-1/2"]
[ECO "B20"]
[WhiteElo "2123"]
[BlackElo "1901"]
[Annotator "RC"]
[PlyCount "73"]
[EventDate "2022.06.25"]
[EventType "swiss"]
[EventCountry "POL"]
[SourceTitle "playchess.com"]
[Source "ChessBase"]
[SourceQuality "1"]
[TimeControl "40/5400+30:1800+30"]

1. e4 c5 2. Be2 Nc6 3. f4 d5 4. d3 g6 5. Nf3 Bg7 6. O-O Bg4 7. c3 e6 8. Nbd2 Nge7 9. h3 Bxf3 10. Nxf3 b5 11. Qc2 O-O 12. Bd2 Qb6 13. Kh2 b4 14. a3 bxc3 15. bxc3 Rab8 16. Rab1 Qa6 17. exd5 Nxd5 18. a4 Rxb1 19. Rxb1 Nb6 20. Ng5 Qxa4 21. Qxa4 Nxa4 22. Bf3 Nd8 23. Rb3 f5 24. Ra3 Nb2 25. Be2 h6 26. Nf3 Nc6 27. Ra6 Rc8 28. Ne1 Kf7 29. Bf3 Ne7 30. Rxa7 Nxd3 31. Nxd3 Rd8 32. Be3 Rxd3 33. Bxc5 Bf6 34. Bb4 e5 35. Be2 Re3 36. Bc4+ Kf8 37. Ra6 1/2-1/2

[Event "VII Totalizator Sportowy 2022"]
[Site "Bydgoszcz"]
[Date "2022.07.04"]
[Round "10.23"]
[White "Zaninotto, Franco"]
[Black "Zalega, Maciej"]
[Result "1/2-1/2"]
[ECO "B30"]
[WhiteElo "2069"]
[BlackElo "2051"]
[Annotator "NA RC"]
[PlyCount "82"]
[EventDate "2022.06.25"]
[EventType "swiss"]
[EventCountry "POL"]
[SourceTitle "playchess.com"]
[Source "ChessBase"]
[SourceQuality "1"]
[TimeControl "40/5400+30:1800+30"]

1. e4 c5 2. Nf3 Nc6 3. Bb5 e6 4. O-O Nge7 5. Re1 a6 6. Bf1 d5 7. exd5 Nxd5 8. d4 Nf6 9. c3 cxd4 10. cxd4 Be7 11. Nc3 O-O 12. a3 b5 13. g3 Bb7 14. Bg2 Qd7 15. Ne5 Nxe5 16. dxe5 Nd5 17. Nxd5 Bxd5 18. Bxd5 exd5 19. Be3 Rac8 20. Qd3 Qe6 21. Rad1 Rfd8 22. Bd4 Rc4 23. Re2 Rdc8 24. Kg2 Qc6 25. f4 Bc5 26. Bxc5 Rxc5 27. Qf3 h6 28. f5 Rc2 29. Rdd2 Rxd2 30. Rxd2 Rd8 31. Rd4 Qc1 32. Rxd5 Qxb2+ 33. Kh3 Re8 34. Qe3 Qa1 35. e6 fxe6 36. Re5 Qf1+ 37. Kh4 Rc8 38. fxe6 Qf6+ 39. Kh3 Qf1+ 40. Kh4 Rc2 41. e7 Qf6+ 1/2-1/2